 Dungeon Crawl Stone Soup version 0.23.2-1-ga50397a6bc (webtiles) character file.

Game seed: 10767821067529925033

105 Dommiel19 the Skirmisher (level 4, -1/41 HPs)
             Began as a Minotaur Abyssal Knight on May 19, 2019.
             Was a Believer of Lugonu.
             Slain by Sigmund
             ... wielding a +0 scythe
              (10 damage)
             ... on level 3 of the Dungeon.
             The game lasted 00:02:34 (2365 turns).

Dommiel19 the Skirmisher (Minotaur Abyssal Knight)  Turns: 2365, Time: 00:02:35

Health: -1/41      AC:  3    Str: 17    XL:     4   Next: 54%
Magic:  5/5        EV: 11    Int:  9    God:    Lugonu [**....]
Gold:   129        SH:  0    Dex: 10    Spells: 3/3 levels left

rFire    . . .     SeeInvis .   a - +1 mace
rCold    . . .     Gourm    .   (no shield)
rNeg     . . .     Faith    .   b - +0 leather armour
rPois    .         Spirit   .   (helmet restricted)
rElec    .         Reflect  .   (no cloak)
rCorr    .         Harm     .   (no gloves)
MR       .....                  (no boots)
Stlth    ..........             (no amulet)
HPRegen  0.13/turn              (no ring)
MPRegen  0.09/turn              (no ring)

@: confused
A: retaliatory headbutt, horns 2
a: Depart the Abyss, Bend Space, Renounce Religion


You were on level 3 of the Dungeon.
You worshipped Lugonu.
Lugonu was pleased with you.
You were not hungry.

You visited 1 branch of the dungeon, and saw 3 of its levels.
You visited the Abyss 1 time.

You collected 129 gold pieces.

Inventory:

Hand Weapons
 a - a +1 mace (weapon)
Armour
 b - a +0 leather armour (worn)
Wands
 g - a wand of acid (8)
Scrolls
 d - 2 scrolls of identify {unknown}
 e - 2 scrolls of teleportation {unknown}
 f - a scroll of blinking {unknown}
 i - a scroll of fog {unknown}
 j - a scroll of noise {unknown}
 m - a scroll of remove curse {unknown}
Potions
 k - a potion of mutation {unknown}
 l - a potion of flight {unknown}
 p - a potion of resistance {unknown}
Comestibles
 c - 8 rations


   Skills:
 + Level 4.3 Fighting
 * Level 4.1 Maces & Flails
 - Level 2.4 Armour
 - Level 1.1 Dodging
 * Level 3.2 Invocations


You had 3 spell levels left.
You didn't know any spells.
Your spell library was empty.

Dungeon Overview and Level Annotations

Branches:
Dungeon (3/15)

Altars:

Annotations:
D:3 Sigmund


Innate Abilities, Weirdness & Mutations

You reflexively headbutt those who attack you in melee.
You have a pair of horns on your head.


Message History

You bump into the rock wall.
You bump into the rock wall.
You feel less invigorated.
You feel less confused.
You hear some strange, mumbled words.
Something tries to affect you, but you resist.
All of the chunks of flesh in your inventory have rotted away.
You barely miss something. Your headbutt misses something. Something hits you.
You thump something! Something hits you!
* * * LOW HITPOINT WARNING * * *
You hit something.
You hear some strange, mumbled words.
A magic dart appears from out of thin air!
The magic dart hits you.
* * * LOW HITPOINT WARNING * * *
You barely miss something. Something hits you.
* * * LOW HITPOINT WARNING * * *
You are confused.
You feel invigorated.
You bump into the rock wall.
Something hits you!
You die...

## #.. .. ... .###.#
.....# ....# ....#
#.#{# .. #.#@#
#...###.#(##
#...K..(.(.# # ###
#.#.###.#........
... #.#########..
#.##
#........(.....##.##
###...............#.
#.######.....###.#
#.# .........##


There were no monsters in sight!

Vanquished Creatures
  Jessica (D:3)
  2 worms (D:2)
  3 dart slugs
  A leopard gecko (D:2)
  A giant cockroach (D:1)
  9 goblins
  8 hobgoblins
  10 jackals
  A quokka (D:3)
  A ball python (D:1)
  7 bats
  A frilled lizard (D:2)
  10 kobolds
  7 rats
62 creatures vanquished.

Notes
Turn   | Place    | Note
-------+----------+-------------------------------------------
     0 | Abyss:1  | Dommiel19 the Minotaur Abyssal Knight began the quest for
                  | the Orb.
     0 | Abyss:1  | Reached XP level 1. HP: 19/19 MP: 1/1
    10 | D:1      | Escaped the Abyss
   179 | D:1      | Reached XP level 2. HP: 6/27 MP: 2/2
   180 | D:1      | HP: 1/27 [hobgoblin/+0 club (5)]
   895 | D:1      | Reached ** piety under Lugonu
   895 | D:1      | Reached XP level 3. HP: 33/33 MP: 3/3
  1857 | D:2      | Reached XP level 4. HP: 39/40 MP: 5/5
  2117 | D:3      | Noticed Jessica
  2125 | D:3      | Killed Jessica
  2336 | D:3      | Noticed Sigmund
  2365 | D:3      | Slain by Sigmund

Skill      XL: |  1  2  3  4 |
---------------+-------------+-----
Invocations    | 2 3 |  3.2
Maces & Flails | 3 4 |  4.1
Fighting       | 4 |  4.3
Armour         | |  2.4
Dodging        | |  1.1

Action                   |  1- 3 |  4- 6 || total
-------------------------+-------+-------++-------
Melee: Mace              |    91 |    35 ||   126
       Headbutt          |    14 |     3 ||    17
  Use: Potion            |       |     3 ||     3
  Eat: Chunk             |     2 |     3 ||     5
Armor: Leather armour    |    28 |     5 ||    33
Dodge: Dodged            |    67 |    23 ||    90
